 Dungeon Crawl Stone Soup version 0.18.1-48-g4cf74bf (webtiles) character file.

326 Galewin the Ruffian (level 6, 0/56 HPs)
             Began as a Ghoul Monk on July 6, 2016.
             Slain by an orc
             ... wielding a cursed -3 dagger
              (4 damage)
             ... on level 4 of the Dungeon.
             The game lasted 00:08:43 (2358 turns).

Galewin the Ruffian (Ghoul Monk)                    Turns: 2358, Time: 00:08:44

Health: 0/56       AC:  2    Str: 17    XL:     6   Next: 49%
Magic:  5/5        EV: 13    Int:  5    God:
Gold:   192        SH:  0    Dex: 11    Spells: 0 memorised, 5 levels left

rFire  . . .     SeeInvis .       - Unarmed
rCold  + . .     Gourm    .     a - +0 robe
rNeg   + + +     Faith    .     (no shield)
rPois  ∞         Spirit   .     (no helmet)
rElec  .         Dismiss  .     (no cloak)
rCorr  .         Reflect  .     (no gloves)
SustAt .         Harm     .     (no boots)
MR     .....                    c - amulet of magic regeneration
Stlth  ++........               (no ring)
                                (no ring)

@: rotting, not resistant to hostile enchantments, unstealthy
A: rotting body, claws 1, carnivore 3, cold resistance 1, negative energy
resistance 3, slow regeneration 1, torment resistance, unbreathing
a: no special abilities


You were on level 4 of the Dungeon.
You were not hungry.

You visited 1 branch of the dungeon, and saw 4 of its levels.

You collected 192 gold pieces.

Inventory:

Armour
 a - a +0 robe (worn)
Jewellery
 c - an amulet of magic regeneration (around neck)
 m - an uncursed ring of magical power
 o - an uncursed ring of positive energy
Scrolls
 d - a scroll of remove curse {unknown}
 e - a scroll of teleportation
 i - a scroll of enchant armour {unknown}
 j - a scroll of identify
Potions
 f - a potion of berserk rage
 h - 2 potions of might {unknown}
Comestibles
 b - a meat ration


   Skills:
 * Level 5.2 Fighting
 + Level 3.4 Dodging
 + Level 3.8 Stealth
 * Level 6.0 Unarmed Combat


You had 5 spell levels left.
You didn't know any spells.

Dungeon Overview and Level Annotations

Branches:
Dungeon (4/15)
 Temple: D:4-7

Altars:
Cheibriados
Vehumet


Innate Abilities, Weirdness & Mutations

Your body is rotting away.
You thrive on raw meat.
You are immune to poison.
You have sharp fingernails.
You are carnivorous and can eat meat at any time.
Your flesh is cold resistant.
You are immune to negative energy.
You regenerate slowly when monsters are visible.
You are immune to unholy pain and torment.
You can survive without breathing.


Message History

The orc wizard is heavily wounded.
The orc hits you with a falchion. The orc wizard hits you with a dagger.
The orc barely misses you.
You scratch the orc wizard but do no damage.
The orc wizard is heavily wounded.
The orc hits you with a morningstar. The orc hits you with a falchion.
The orc wizard casts a spell.
The orc wizard flickers and vanishes!
Deactivating autopickup; reactivate with Ctrl-A.
The orc closely misses you.
You miss something. The orc hits you with a morningstar!
The orc hits you with a falchion!
* * * LOW HITPOINT WARNING * * *
You miss something. Something barely misses you.
The orc hits you but does no damage. The orc barely misses you.
The orc hits you with a falchion.
* * * LOW HITPOINT WARNING * * *
You closely miss something. Something hits you but does no damage.
The orc hits you with a dagger.
You die...

#....# .. #...........
#....#
.....####....#.###..
+....+ .....+.......#.#
#....# .......#####...#.#
#....##..........##...#..
#.....................###
........#.#...............
#..... ..#.....%....#...
####...# .# #..o@o.....#
.. ...#...#..#
#..{o##....# # ...).....#
#....###...# ..)))....#
#....# ...# .........#
#....# ...# .........#
#....# ..# .........#
#.#### .# ########.# #. #
.#


You could see 3 orcs.

Vanquished Creatures
  An ogre (D:4)
  A scorpion (D:4)
  An orc wizard (D:4)
  An orc priest (D:4)
  6 adders
  2 oozes
  2 worms
  3 giant geckos
  9 orcs
  2 giant cockroaches
  3 goblins (D:1)
  6 hobgoblins
  4 jackals
  A quokka (D:3)
  2 ball pythons
  A ball python skeleton (D:4)
  5 bats
  A giant newt (D:1)
  8 kobolds
  4 rats
63 creatures vanquished.

Notes
Turn   | Place    | Note
--------------------------------------------------------------
     0 | D:1      | Galewin the Ghoul Monk began the quest for the Orb.
     0 | D:1      | Reached XP level 1. HP: 19/19 MP: 0/0
   173 | D:1      | Reached XP level 2. HP: 26/26 MP: 1/1
   548 | D:1      | Reached XP level 3. HP: 27/33 MP: 2/2
   762 | D:2      | Found a snail-covered altar of Cheibriados.
   956 | D:2      | Reached XP level 4. HP: 21/40 MP: 3/3
  1236 | D:3      | Reached skill level 5 in Unarmed Combat
  1373 | D:3      | Found a radiant altar of Vehumet.
  2057 | D:4      | Reached XP level 5. HP: 47/47 MP: 4/4
  2178 | D:4      | Reached skill level 5 in Fighting
  2178 | D:4      | Reached XP level 6. HP: 35/56 MP: 5/5
  2350 | D:4      | Reached skill level 6 in Unarmed Combat
  2358 | D:4      | Slain by an orc

Skill      XL: |  1  2  3  4  5  6 |
---------------+-------------------+-----
Fighting       | 4 5 |  5.2
Unarmed Combat | 5 6 |  6.0
Stealth        | 3 |  3.8
Dodging        | 3 |  3.4

Action                   |  1- 3 |  4- 6 || total
-------------------------+-------+-------++-------
Melee: Unarmed           |    95 |   139 ||   234
       Punch             |     3 |     2 ||     5
  Use: Scroll            |       |     6 ||     6
       Potion            |       |     5 ||     5
 Stab: Sleeping          |     2 |     3 ||     5
  Eat: Chunk             |    14 |    23 ||    37
Armor: Robe              |    15 |    24 ||    39
Dodge: Dodged            |    67 |    98 ||   165
